Map: Whirlwind LE (Void)

Players

Pinokotsbeer

  • Race: Terran Terran
  • League: Master
  • Spawn Location: 5:00

Doomer - Winner!

  • Race: Terran Terran
  • League: Master
  • Spawn Location: 1:00

VOD

Have the link to the VOD?

Description

Time

  • Played on: Dec. 15, 2016, 11:18 p.m.
  • Length: 9:03
Show
View Real Time Build Order
Export as new Build Order

Pinokotsbeer Terran 

Build Orders: Cyclone Opening 

Get SALT Encoding   

  12  0:00  SCV  
  13  0:12  SCV  
  14  0:17  Supply Depot  
  14  0:24  SCV  
  15  0:38  SCV  
  15  0:42  Barracks  
  16  0:46  Refinery  
  16  0:50  SCV  
  17  1:03  SCV  
  18  1:15  SCV  
  19  1:29  Marine, Orbital Command  
  19  1:32  Supply Depot  
  20  1:47  Factory  
  20  1:48  Marine  
  21  1:54  SCV  
  22  2:07  SCV, Marine  
  24  2:14  Command Center  
  24  2:19  Refinery  
  24  2:20  SCV  
  25  2:26  Marine  
  26  2:32  Cyclone, SCV  
  29  2:44  SCV  
  29  2:45  Marine, Engineering Bay  
  31  2:56  Supply Depot  
  31  3:01  Starport  
  31  3:08  Factory Reactor  
  31  3:18  SCV  
  32  3:23  Missile Turret  
  32  3:29  Orbital Command  
  32  3:30  SCV  
  33  3:41  Viking  
  35  3:42  SCV  
  35  3:45  Widow Mine  
  35  3:47  Widow Mine  
  40  3:51  Barracks Tech Lab  
  40  3:54  SCV  
  41  3:56  SCV  
  42  4:05  Supply Depot  
  42  4:06  SCV  
  42  4:08  SCV  
  44  4:11  Missile Turret  
  44  4:20  SCV  
  44  4:22  Raven  
  44  4:23  Hellion  
  44  4:24  SCV, Hellion  
  52  4:32  SCV  
  52  4:36  SCV  
  52  4:38  Supply Depot  
  54  4:44  SCV  
  54  4:45  Hellion x2  
  59  4:48  SCV  
  59  4:51  Barracks Reactor  
  60  4:56  SCV, Factory  
  61  5:00  SCV  
  61  5:04  Refinery  
  61  5:05  Refinery  
  66  5:08  SCV  
  66  5:13  SCV  
  64  5:18  Viking x2  
  64  5:19  Hellion  
  70  5:25  Supply Depot  
  70  5:27  Armory  
  70  5:38  SCV  
  70  5:46  SCV  
  71  5:50  SCV  
  72  5:58  SCV  
  60  6:04  Hellion x2  
  60  6:06  Viking x2, SCV  
  60  6:10  SCV  
  58  6:19  SCV  
  58  6:22  SCV  
  60  6:29  Cyclone x2  
  60  6:31  SCV  
  67  6:34  Terran Vehicle Weapons Level 1  
  67  6:35  SCV  
  67  6:38  Viking  
  67  6:39  Supply Depot x2  
  70  6:41  Viking  
  70  6:43  SCV  
  70  6:47  SCV  
  74  6:55  SCV  
  74  6:59  SCV  
  76  7:02  Cyclone  
  76  7:05  Hellion  
  76  7:07  SCV  
  82  7:11  SCV  
  82  7:16  Viking  
  82  7:17  Liberator  
  82  7:19  SCV  
  85  7:23  SCV  
  85  7:27  Siege Tank  
  87  7:31  SCV  
  87  7:36  SCV  
  92  7:50  SCV x2  
  92  7:51  Supply Depot  
  94  8:00  Liberator  
  94  8:07  Command Center  
  94  8:08  Supply Depot  
  94  8:10  Supply Depot  
  94  8:12  SCV, Siege Tank  
  98  8:13  SCV  
  102  8:30  SCV  
  102  8:31  SCV, Missile Turret  
  102  8:32  Missile Turret, Hellion x2  
Show
View Real Time Build Order
Export as new Build Order

Doomer Terran - Winner!

Build Orders: Reaper Expand, MMM Bio 

Get SALT Encoding   

  12  0:00  SCV  
  13  0:12  SCV  
  14  0:17  Supply Depot  
  14  0:25  SCV  
  15  0:38  SCV  
  15  0:40  Barracks  
  16  0:44  Refinery  
  16  0:50  SCV  
  16  0:53  Refinery  
  17  1:03  SCV  
  18  1:15  SCV  
  19  1:27  Orbital Command, Reaper  
  20  1:45  Command Center  
  20  1:53  SCV  
  21  2:05  SCV, Supply Depot  
  22  2:11  Factory  
  22  2:13  Barracks Reactor  
  22  2:17  SCV  
  23  2:29  SCV  
  24  2:41  SCV  
  25  2:53  SCV  
  25  2:57  Orbital Command  
  25  2:58  Barracks Reactor  
  26  3:00  Starport  
  28  3:06  Hellion x2  
  28  3:10  SCV  
  31  3:13  Supply Depot  
  31  3:23  SCV x2  
  35  3:27  Hellion x2  
  37  3:35  Supply Depot  
  37  3:37  SCV x2  
  38  3:44  Viking x2  
  42  3:49  SCV  
  42  3:50  SCV  
  42  3:54  Cyclone x2  
  50  4:00  Supply Depot  
  50  4:02  SCV x2  
  52  4:05  Barracks Tech Lab  
  52  4:14  SCV x2  
  54  4:25  Supply Depot  
  54  4:26  SCV x2, Viking x2  
  54  4:29  Hellion  
  54  4:30  Hellion  
  64  4:38  SCV x2  
  65  4:41  Refinery  
  65  4:43  Marine  
  65  4:45  Stimpack  
  67  4:50  SCV x2  
  69  4:55  Supply Depot  
  69  4:58  Engineering Bay  
  69  5:02  SCV x2  
  69  5:03  Factory Reactor  
  71  5:07  Barracks x2  
  71  5:09  Starport Reactor  
  71  5:11  Barracks  
  71  5:16  SCV  
  71  5:17  SCV, Barracks  
  73  5:23  Supply Depot  
  73  5:26  Marine  
  73  5:27  Refinery  
  74  5:29  SCV x2  
  74  5:35  Supply Depot  
  76  5:36  Terran Infantry Weapons Level 1  
  76  5:43  SCV x2  
  76  5:56  SCV  
  76  5:57  SCV  
  66  6:11  Marine x7  
  57  6:13  Factory Tech Lab  
  57  6:14  Marine x2, Starport Reactor  
  63  6:22  Supply Depot  
  63  6:25  Supply Depot  
  63  6:27  Supply Depot  
  63  6:28  Marine  
  63  6:29  Marine x2  
  63  6:31  Marauder  
  68  6:33  Marine  
  68  6:34  Marine x4  
  68  6:35  Siege Tank  
  76  6:45  Combat Shields  
  76  6:46  Marine x3  
  77  6:50  Medivac x2  
  77  6:51  Marine x2  
  77  6:52  Marine x3  
  77  6:53  Marauder  
  90  6:55  Supply Depot  
  90  7:04  Marine x3  
  90  7:05  Command Center  
  90  7:07  Siege Tank  
  96  7:09  Marine x2  
  98  7:18  Marine x3, Marauder  
  98  7:20  Supply Depot  
  98  7:22  Marine x3  
  106  7:27  Marine x2, Medivac x2  
  112  7:30  SCV x2  
  112  7:35  Marine  
  112  7:36  Marine x2  
  117  7:40  Marine x3, Siege Tank, Marauder  
  125  7:44  Marine  
  125  7:47  Supply Depot  
  125  7:50  Armory  
  126  7:57  Medivac x2  
  130  8:01  SCV x2  
  130  8:04  Marine, Concussive Shells  
  130  8:05  Marine  
  136  8:06  Marine  
  136  8:07  Marine x2  
  136  8:08  Marine  
  136  8:10  Marine  
  139  8:13  SCV  
  140  8:31  Marine  
  140  8:32  Marine x7, Marauder  
  133  8:51  SCV x2  
Tags
 
Add a new tag
Caveats
  • Supply blocks, unpowered buildings, or Contaminate may cause inaccurate times.
  • Supply counts are checked every 10 seconds.